General information
- name: BNet
- type: Ladder team game (AT/RT)
- host: Battle.net
- saver: TheDragon
map: Cherryville
- players: 8
- length: 59:47
- speed: Fast
- version: 1.26 W3XP
- replay type: Public
» download(348 KB)
Players
team 1 (loser)

»
Ororo (
teal | 76 APM | 3193 actions | 41:52)
9 Archmage
3 Summon Water Elemental
3 Brilliance Aura
1 Mass Teleport
2 Blizzard
» actions
| Assign group hotkey | 75 | |
| Basic commands | 99 | |
| Build / train | 156 | |
| Enter build submenu | 50 | |
| Enter hero's abilities submenu | 9 | |
| Give item / drop item | 1 | |
| Remove unit from queue | 3 | |
| Right click | 895 | |
| Select / deselect | 763 | |
| Select group hotkey | 973 | |
| Use ability | 169 | |
3193 total
» units
| Peasant | 28 | |
| Footman | 6 | |
| Goblin Shredder | 1 | |
| Rifleman | 11 | |
| Flying Machine | 20 | |
| Priest | 6 | |
72 total
» upgrades
| Masonry | 3 | |
| Defend | 1 | |
| Lumber Harvesting | 2 | |
| Magic Sentry | 1 | |
| Long Rifles | 1 | |
| Swords | 2 | |
| Flak Cannons | 1 | |
| Flying Machine Bombs | 1 | |
| Priest Training | 2 | |
| Armor | 3 | |
| Gunpowder | 3 | |
| Plating | 2 | |
| Fragmentation Shards | 1 | |
| Flare | 1 | |
| Barrage | 1 | |
| Animal War Training | 1 | |
26 total
» buildings
| Farm | 11 | |
| Altar of Kings | 1 | |
| Lumber Mill | 1 | |
| Barracks | 1 | |
| Scout Tower | 20 | |
| Arcane Tower | 7 | |
| Arcane Vault | 1 | |
| Town Hall | 2 | |
| Guard Tower | 12 | |
| Keep | 1 | |
| Blacksmith | 2 | |
| Castle | 1 | |
| Arcane Sanctum | 1 | |
| Workshop | 3 | |
64 total
» build order
00:07 Farm
00:09 Altar of Kings
00:17 Lumber Mill
01:10 Barracks
01:19 Farm
01:30 Scout Tower
01:59 Arcane Tower
02:06 Farm
03:46 Arcane Vault
03:48 Town Hall
03:55 Scout Tower
03:58 Scout Tower
04:00 Scout Tower
04:04 Farm
04:23 Guard Tower
04:55 Guard Tower
04:56 Scout Tower
05:38 Guard Tower
05:39 Keep
05:42 Farm
06:30 Farm
06:38 Scout Tower
06:40 Scout Tower
06:42 Blacksmith
06:44 Farm
06:46 Farm
07:08 Guard Tower
07:10 Scout Tower
07:14 Guard Tower
07:53 Arcane Tower
07:55 Farm
08:25 Castle
08:34 Farm
10:17 Arcane Sanctum
10:48 Scout Tower
10:48 Scout Tower
11:10 Scout Tower
11:11 Scout Tower
11:38 Arcane Tower
11:41 Blacksmith
11:44 Workshop
11:54 Arcane Tower
12:18 Workshop
12:55 Workshop
13:46 Arcane Tower
13:48 Guard Tower
16:16 Scout Tower
16:39 Scout Tower
16:46 Guard Tower
16:48 Scout Tower
17:36 Guard Tower
17:36 Guard Tower
17:37 Scout Tower
17:40 Scout Tower
18:14 Arcane Tower
18:14 Arcane Tower
18:49 Farm
20:18 Town Hall
22:54 Scout Tower
22:55 Scout Tower
22:56 Scout Tower
23:24 Guard Tower
23:25 Guard Tower
25:04 Guard Tower
» items
| Scroll of Regeneration | 8 | |
| Lesser Clarity Potion | 5 | |
| Scroll of Town Portal | 6 | |
| Staff of Sanctuary | 1 | |
| Boots of Speed | 1 | |
| Scroll of Protection | 1 | |
| Potion of Healing | 1 | |
| Potion of Invisibility | 1 | |
24 total
TheDragon (
purple | 40 APM | 2388 actions | 59:47)
9 Archmage
3 Summon Water Elemental
3 Brilliance Aura
1 Mass Teleport
2 Blizzard
» actions
| Assign group hotkey | 53 | |
| Basic commands | 119 | |
| Build / train | 98 | |
| Enter build submenu | 71 | |
| Enter hero's abilities submenu | 9 | |
| Give item / drop item | 9 | |
| Right click | 1001 | |
| Select / deselect | 459 | |
| Select group hotkey | 371 | |
| Use ability | 197 | |
2388 total
» units
| Peasant | 13 | |
| Footman | 4 | |
| Goblin Shredder | 1 | |
| Gryphon Rider | 12 | |
| Goblin Sapper | 7 | |
37 total
» upgrades
| Masonry | 3 | |
| Storm Hammers | 1 | |
| Swords | 3 | |
| Armor | 3 | |
| Animal War Training | 1 | |
| Cloud | 1 | |
12 total
» buildings
| Altar of Kings | 1 | |
| Barracks | 1 | |
| Farm | 14 | |
| Keep | 1 | |
| Lumber Mill | 2 | |
| Town Hall | 4 | |
| Scout Tower | 69 | |
| Arcane Vault | 3 | |
| Guard Tower | 18 | |
| Castle | 1 | |
| Gryphon Aviary | 4 | |
| Blacksmith | 2 | |
120 total
» build order
00:51 Altar of Kings
00:53 Barracks
00:55 Farm
01:05 Farm
01:19 Farm
01:36 Farm
03:15 Keep
03:49 Lumber Mill
04:04 Town Hall
04:07 Scout Tower
04:07 Scout Tower
04:09 Scout Tower
04:10 Scout Tower
04:18 Scout Tower
04:54 Arcane Vault
05:08 Guard Tower
06:37 Castle
06:40 Guard Tower
07:55 Gryphon Aviary
07:59 Gryphon Aviary
08:10 Gryphon Aviary
08:15 Gryphon Aviary
08:32 Blacksmith
08:39 Blacksmith
10:05 Farm
14:46 Scout Tower
14:46 Scout Tower
14:48 Scout Tower
14:49 Scout Tower
14:50 Scout Tower
14:51 Scout Tower
14:54 Scout Tower
14:54 Scout Tower
14:55 Scout Tower
14:57 Scout Tower
14:58 Scout Tower
16:15 Guard Tower
19:09 Scout Tower
19:10 Scout Tower
19:12 Scout Tower
19:12 Scout Tower
19:13 Scout Tower
20:05 Town Hall
20:09 Scout Tower
20:09 Scout Tower
20:09 Scout Tower
20:10 Scout Tower
20:11 Scout Tower
20:12 Scout Tower
20:12 Scout Tower
20:13 Scout Tower
20:40 Guard Tower
20:46 Guard Tower
20:50 Guard Tower
21:14 Guard Tower
21:27 Guard Tower
21:54 Scout Tower
21:55 Scout Tower
21:56 Scout Tower
21:57 Scout Tower
21:58 Scout Tower
22:00 Scout Tower
22:01 Scout Tower
22:02 Scout Tower
22:03 Scout Tower
22:04 Scout Tower
23:10 Guard Tower
25:40 Town Hall
25:46 Scout Tower
25:46 Scout Tower
25:47 Scout Tower
25:47 Scout Tower
25:49 Scout Tower
25:49 Scout Tower
25:50 Scout Tower
25:50 Scout Tower
25:52 Scout Tower
25:52 Scout Tower
25:53 Scout Tower
25:53 Scout Tower
25:57 Scout Tower
25:57 Scout Tower
25:58 Scout Tower
25:58 Scout Tower
26:21 Guard Tower
26:40 Farm
26:41 Farm
26:42 Farm
26:45 Farm
26:46 Farm
26:47 Farm
26:48 Farm
26:51 Farm
26:51 Farm
27:13 Guard Tower
27:20 Guard Tower
27:23 Guard Tower
28:16 Guard Tower
29:51 Arcane Vault
31:33 Arcane Vault
31:41 Guard Tower
37:07 Town Hall
37:12 Scout Tower
37:12 Scout Tower
37:13 Scout Tower
37:16 Scout Tower
37:17 Scout Tower
37:17 Scout Tower
37:20 Scout Tower
37:20 Scout Tower
37:21 Scout Tower
37:25 Scout Tower
37:25 Scout Tower
37:34 Scout Tower
37:35 Scout Tower
37:36 Scout Tower
37:56 Guard Tower
38:15 Guard Tower
38:19 Guard Tower
52:32 Lumber Mill
» items
| Scroll of Regeneration | 5 | |
| Mechanical Critter | 5 | |
| Potion of Healing | 3 | |
| Scroll of Town Portal | 2 | |
| Staff of Sanctuary | 1 | |
| Staff of Teleportation | 1 | |
| Periapt of Vitality | 1 | |
| Potion of Lesser Invulnerability | 1 | |
19 total
bzman2 (
yellow | 18 APM | 1080 actions | 59:47)
5 Blademaster
3 Wind Walk
2 Critical Strike
6 Shadow Hunter
3 Healing Wave
2 Hex
1 Big Bad Voodoo
» actions
| Assign group hotkey | 5 | |
| Basic commands | 299 | |
| Build / train | 85 | |
| Enter build submenu | 16 | |
| Enter hero's abilities submenu | 11 | |
| Give item / drop item | 1 | |
| Remove unit from queue | 4 | |
| Right click | 355 | |
| Select / deselect | 222 | |
| Select group hotkey | 12 | |
| Use ability | 70 | |
1080 total
» units
| Peon | 13 | |
| Troll Headhunter/Berserker | 35 | |
| Shaman | 5 | |
53 total
» upgrades
| Armor | 4 | |
| Ranged Weapons | 3 | |
| Troll Regeneration | 1 | |
| Shaman Training | 2 | |
| Berserker Upgrade | 1 | |
11 total
» buildings
| Altar of Storms | 1 | |
| Orc Burrow | 5 | |
| Barracks | 2 | |
| War Mill | 1 | |
| Voodoo Lounge | 1 | |
| Watch Tower | 2 | |
| Stronghold | 1 | |
| Fortress | 1 | |
| Spirit Lodge | 1 | |
| Great Hall | 1 | |
16 total
» build order
00:11 Altar of Storms
00:17 Orc Burrow
01:17 Barracks
01:29 War Mill
01:44 Orc Burrow
02:26 Voodoo Lounge
02:49 Watch Tower
03:05 Watch Tower
03:31 Orc Burrow
04:24 Stronghold
05:38 Orc Burrow
07:11 Fortress
07:21 Spirit Lodge
11:56 Barracks
12:27 Orc Burrow
12:49 Great Hall
» items
xyzs (
green | 60 APM | 2878 actions | 47:47)
9 Archmage
3 Summon Water Elemental
3 Brilliance Aura
1 Mass Teleport
2 Blizzard
» actions
| Assign group hotkey | 36 | |
| Basic commands | 7 | |
| Build / train | 121 | |
| ESC pressed | 12 | |
| Enter build submenu | 29 | |
| Enter hero's abilities submenu | 9 | |
| Give item / drop item | 3 | |
| Remove unit from queue | 4 | |
| Right click | 1637 | |
| Select / deselect | 635 | |
| Select group hotkey | 251 | |
| Use ability | 133 | |
2878 total
» units
| Peasant | 39 | |
| Footman | 5 | |
| Sorceress | 3 | |
| Knight | 12 | |
| Priest | 4 | |
| Goblin Shredder | 1 | |
| Siege Engine | 6 | |
70 total
» upgrades
| Masonry | 2 | |
| Lumber Harvesting | 2 | |
| Plating | 3 | |
| Swords | 3 | |
| Sorceress Training | 2 | |
| Priest Training | 2 | |
| Animal War Training | 1 | |
| Magic Sentry | 1 | |
| Barrage | 1 | |
| Gunpowder | 1 | |
18 total
» buildings
| Altar of Kings | 1 | |
| Farm | 14 | |
| Barracks | 2 | |
| Scout Tower | 13 | |
| Arcane Tower | 1 | |
| Town Hall | 4 | |
| Lumber Mill | 1 | |
| Keep | 1 | |
| Arcane Vault | 1 | |
| Blacksmith | 1 | |
| Castle | 1 | |
| Arcane Sanctum | 2 | |
| Guard Tower | 3 | |
| Workshop | 3 | |
48 total
» build order
00:09 Altar of Kings
00:11 Farm
00:22 Barracks
00:57 Farm
01:29 Scout Tower
01:40 Farm
02:09 Arcane Tower
03:46 Town Hall
04:22 Lumber Mill
06:00 Keep
06:04 Arcane Vault
06:06 Farm
06:07 Farm
07:04 Blacksmith
08:22 Castle
08:29 Arcane Sanctum
08:31 Arcane Sanctum
09:08 Barracks
12:50 Farm
12:51 Farm
12:52 Farm
15:07 Farm
15:07 Farm
16:00 Scout Tower
16:00 Scout Tower
16:01 Scout Tower
16:03 Scout Tower
16:03 Scout Tower
16:05 Scout Tower
16:38 Guard Tower
18:17 Town Hall
18:21 Guard Tower
18:29 Scout Tower
18:30 Scout Tower
18:31 Scout Tower
18:32 Scout Tower
18:33 Scout Tower
18:35 Scout Tower
18:49 Farm
18:49 Farm
18:50 Farm
18:51 Farm
19:47 Guard Tower
26:47 Town Hall
30:21 Workshop
30:22 Workshop
30:51 Workshop
34:39 Town Hall
» items
| Periapt of Vitality | 1 | |
| Scroll of Regeneration | 4 | |
| Scroll of Town Portal | 2 | |
| Potion of Lesser Invulnerability | 1 | |
8 total
team 2 (winner)

»
ducati (
red | 50 APM | 2992 actions | 59:47)
7 Mountain King
3 Storm Bolt
3 Bash
1 Avatar
5 Paladin
2 Holy Light
2 Devotion Aura
1 Divine Shield
1 Death Knight
1 Unholy Aura
» actions
| Assign group hotkey | 31 | |
| Basic commands | 14 | |
| Build / train | 88 | |
| ESC pressed | 1 | |
| Enter build submenu | 49 | |
| Enter hero's abilities submenu | 13 | |
| Give item / drop item | 3 | |
| Right click | 1814 | |
| Select / deselect | 331 | |
| Select group hotkey | 512 | |
| Use ability | 136 | |
2992 total
» units
| Peasant | 22 | |
| Rifleman | 16 | |
| Mortar Team | 5 | |
| Flying Machine | 6 | |
| Acolyte | 1 | |
50 total
» upgrades
| Gunpowder | 1 | |
| Armor | 1 | |
| Long Rifles | 1 | |
| Lumber Harvesting | 1 | |
4 total
» buildings
| Farm | 17 | |
| Altar of Kings | 2 | |
| Barracks | 1 | |
| Blacksmith | 1 | |
| Arcane Vault | 1 | |
| Keep | 1 | |
| Town Hall | 4 | |
| Lumber Mill | 1 | |
| Workshop | 1 | |
| Scout Tower | 23 | |
| Guard Tower | 9 | |
| Arcane Tower | 2 | |
63 total
» build order
00:07 Farm
00:16 Altar of Kings
01:00 Barracks
01:36 Blacksmith
02:04 Farm
02:08 Arcane Vault
02:57 Farm
03:03 Farm
04:28 Keep
04:55 Farm
05:56 Town Hall
07:45 Lumber Mill
07:48 Farm
08:25 Workshop
10:46 Scout Tower
11:20 Scout Tower
11:24 Farm
11:25 Guard Tower
11:32 Scout Tower
11:49 Farm
11:50 Guard Tower
12:01 Arcane Tower
12:03 Farm
12:35 Scout Tower
12:42 Scout Tower
12:45 Scout Tower
12:47 Scout Tower
12:49 Scout Tower
12:51 Scout Tower
13:00 Scout Tower
14:35 Guard Tower
14:45 Scout Tower
14:47 Scout Tower
14:53 Scout Tower
14:54 Scout Tower
14:58 Scout Tower
14:59 Scout Tower
15:05 Scout Tower
15:06 Scout Tower
15:09 Scout Tower
15:09 Scout Tower
15:10 Scout Tower
15:36 Guard Tower
15:40 Guard Tower
15:53 Farm
15:54 Farm
15:57 Farm
15:58 Farm
16:11 Guard Tower
16:12 Guard Tower
16:15 Arcane Tower
16:17 Guard Tower
16:24 Guard Tower
18:33 Town Hall
18:51 Scout Tower
18:53 Scout Tower
19:16 Town Hall
21:36 Farm
26:54 Town Hall
27:42 Farm
27:45 Altar of Kings
29:49 Farm
30:03 Farm
» items
| Scroll of Regeneration | 3 | |
| Lesser Clarity Potion | 2 | |
| Scroll of Town Portal | 2 | |
7 total
D3STRONK (
orange | 44 APM | 1238 actions | 28:09)
4 Dreadlord
2 Sleep
2 Vampiric Aura
3 Death Knight
2 Death Coil
1 Unholy Aura
» actions
| Assign group hotkey | 21 | |
| Basic commands | 28 | |
| Build / train | 76 | |
| Enter build submenu | 17 | |
| Enter hero's abilities submenu | 7 | |
| Give item / drop item | 1 | |
| Right click | 647 | |
| Select / deselect | 325 | |
| Select group hotkey | 21 | |
| Use ability | 95 | |
1238 total
» units
| Acolyte | 4 | |
| Ghoul | 28 | |
| Necromancer | 11 | |
| Obsidian Statue | 1 | |
| Abomination | 3 | |
47 total
» upgrades
| Unholy Strength | 3 | |
| Unholy Armor | 3 | |
| Necromancer Training | 2 | |
| Skeletal Longevity | 1 | |
| Skeletal Mastery | 1 | |
| Disease Cloud | 1 | |
| Ghoul Frenzy | 1 | |
12 total
» buildings
| Crypt | 1 | |
| Ziggurat | 8 | |
| Altar of Darkness | 1 | |
| Tomb of Relics | 1 | |
| Graveyard | 1 | |
| Halls of the Dead | 1 | |
| Temple of the Damned | 1 | |
| Slaughterhouse | 1 | |
| Nerubian Tower | 1 | |
| Spirit Tower | 1 | |
| Black Citadel | 1 | |
18 total
» build order
00:12 Crypt
00:16 Ziggurat
00:36 Altar of Darkness
00:55 Ziggurat
01:47 Tomb of Relics
01:58 Graveyard
03:38 Halls of the Dead
05:14 Ziggurat
06:28 Temple of the Damned
06:32 Slaughterhouse
06:34 Nerubian Tower
06:36 Spirit Tower
11:41 Black Citadel
13:47 Ziggurat
13:50 Ziggurat
20:03 Ziggurat
20:10 Ziggurat
20:11 Ziggurat
» items
| Rod of Necromancy | 3 | |
| Scroll of Town Portal | 1 | |
4 total
TOWERSareMyUNlT (
pink | 76 APM | 4516 actions | 59:47)
10 Blood Mage
3 Flame Strike
3 Banish
1 Summon Phoenix
3 Siphon Mana
» actions
| Assign group hotkey | 58 | |
| Basic commands | 189 | |
| Build / train | 265 | |
| ESC pressed | 6 | |
| Enter build submenu | 52 | |
| Enter hero's abilities submenu | 10 | |
| Give item / drop item | 23 | |
| Remove unit from queue | 3 | |
| Right click | 2050 | |
| Select / deselect | 491 | |
| Select group hotkey | 1048 | |
| Use ability | 321 | |
4516 total
» units
| Peasant | 20 | |
| Footman | 7 | |
| Goblin Shredder | 3 | |
| Gryphon Rider | 14 | |
| Sorceress | 1 | |
| Goblin Sapper | 17 | |
| Goblin Zeppelin | 2 | |
| Dragonhawk Rider | 1 | |
| Knight | 1 | |
66 total
» upgrades
| Masonry | 3 | |
| Swords | 3 | |
| Armor | 3 | |
| Sorceress Training | 2 | |
| Magic Sentry | 1 | |
| Animal War Training | 1 | |
| Lumber Harvesting | 2 | |
| Storm Hammers | 1 | |
| Cloud | 1 | |
| Plating | 3 | |
| Gunpowder | 3 | |
23 total
» buildings
| Altar of Kings | 1 | |
| Barracks | 1 | |
| Farm | 11 | |
| Lumber Mill | 3 | |
| Arcane Vault | 1 | |
| Town Hall | 4 | |
| Keep | 3 | |
| Scout Tower | 37 | |
| Blacksmith | 1 | |
| Guard Tower | 68 | |
| Castle | 2 | |
| Gryphon Aviary | 2 | |
| Arcane Sanctum | 1 | |
| Arcane Tower | 5 | |
| Spirit Tower | 1 | |
| Nerubian Tower | 1 | |
142 total
» build order
00:52 Altar of Kings
00:53 Barracks
00:55 Farm
01:06 Farm
01:13 Farm
01:46 Farm
02:15 Farm
02:22 Lumber Mill
02:47 Arcane Vault
04:09 Town Hall
05:33 Keep
05:33 Keep
07:12 Scout Tower
07:12 Scout Tower
07:13 Scout Tower
07:14 Scout Tower
07:16 Scout Tower
07:22 Scout Tower
07:23 Scout Tower
07:24 Scout Tower
07:26 Scout Tower
07:27 Scout Tower
07:33 Blacksmith
07:42 Guard Tower
07:42 Guard Tower
07:42 Guard Tower
07:43 Guard Tower
07:44 Guard Tower
07:44 Guard Tower
07:45 Guard Tower
07:45 Guard Tower
07:46 Guard Tower
07:46 Guard Tower
07:47 Guard Tower
07:47 Guard Tower
07:47 Guard Tower
07:54 Castle
07:54 Castle
08:06 Guard Tower
08:59 Gryphon Aviary
09:03 Gryphon Aviary
09:22 Arcane Sanctum
11:11 Scout Tower
11:12 Scout Tower
11:16 Scout Tower
11:19 Scout Tower
11:23 Scout Tower
11:28 Scout Tower
11:30 Scout Tower
11:31 Scout Tower
11:33 Scout Tower
11:34 Scout Tower
12:06 Guard Tower
12:06 Guard Tower
12:28 Guard Tower
12:29 Guard Tower
12:29 Guard Tower
12:29 Guard Tower
12:29 Guard Tower
13:53 Farm
14:03 Guard Tower
14:11 Farm
14:12 Farm
14:13 Farm
14:13 Farm
14:16 Farm
14:39 Scout Tower
14:41 Scout Tower
14:43 Scout Tower
15:36 Guard Tower
15:36 Guard Tower
15:36 Guard Tower
15:38 Guard Tower
15:38 Guard Tower
16:04 Guard Tower
16:05 Guard Tower
16:32 Scout Tower
17:12 Guard Tower
17:12 Guard Tower
17:12 Guard Tower
33:03 Town Hall
33:04 Scout Tower
33:06 Scout Tower
33:08 Town Hall
33:10 Scout Tower
33:11 Scout Tower
33:12 Scout Tower
33:14 Scout Tower
33:15 Scout Tower
33:17 Scout Tower
33:19 Scout Tower
34:17 Guard Tower
34:17 Guard Tower
34:17 Guard Tower
34:41 Arcane Tower
34:42 Arcane Tower
34:47 Guard Tower
34:47 Guard Tower
34:47 Guard Tower
34:48 Guard Tower
37:08 Guard Tower
37:08 Guard Tower
37:09 Guard Tower
37:56 Guard Tower
37:56 Guard Tower
37:56 Guard Tower
38:00 Scout Tower
38:00 Scout Tower
38:01 Scout Tower
38:48 Guard Tower
38:48 Guard Tower
38:48 Guard Tower
38:49 Arcane Tower
38:50 Arcane Tower
38:51 Guard Tower
38:51 Guard Tower
43:24 Town Hall
46:34 Scout Tower
48:43 Spirit Tower
48:45 Nerubian Tower
48:53 Guard Tower
48:54 Guard Tower
51:17 Lumber Mill
56:54 Lumber Mill
» items
| Scroll of Regeneration | 11 | |
| Mechanical Critter | 5 | |
| Potion of Invisibility | 3 | |
| Boots of Speed | 1 | |
| Staff of Teleportation | 1 | |
| Lesser Clarity Potion | 14 | |
| Scroll of Town Portal | 5 | |
| Potion of Mana | 1 | |
| Scroll of Healing | 2 | |
| Scroll of Protection | 2 | |
| Circlet of Nobility | 1 | |
46 total
Griever (
blue | 36 APM | 2173 actions | 59:47)
5 Paladin
3 Holy Light
2 Divine Shield
4 Mountain King
2 Storm Bolt
2 Thunder Clap
» actions
| Assign group hotkey | 20 | |
| Basic commands | 19 | |
| Build / train | 81 | |
| Enter build submenu | 29 | |
| Enter hero's abilities submenu | 10 | |
| Right click | 1239 | |
| Select / deselect | 414 | |
| Select group hotkey | 281 | |
| Use ability | 76 | |
2173 total
» units
| Peasant | 18 | |
| Gryphon Rider | 18 | |
| Dragonhawk Rider | 3 | |
| Knight | 8 | |
| Kobold Geomancer | 1 | |
| Assassin | 1 | |
49 total
» upgrades
| Masonry | 3 | |
| Lumber Harvesting | 2 | |
| Storm Hammers | 1 | |
| Swords | 2 | |
| Armor | 2 | |
| Animal War Training | 1 | |
| Cloud | 1 | |
| Plating | 2 | |
14 total
» buildings
| Farm | 13 | |
| Altar of Kings | 1 | |
| Town Hall | 1 | |
| Keep | 1 | |
| Lumber Mill | 1 | |
| Arcane Vault | 1 | |
| Scout Tower | 5 | |
| Guard Tower | 5 | |
| Castle | 1 | |
| Gryphon Aviary | 3 | |
| Blacksmith | 1 | |
| Barracks | 1 | |
34 total
» build order
00:14 Farm
00:17 Altar of Kings
00:25 Farm
02:40 Farm
03:31 Town Hall
03:38 Keep
03:41 Farm
03:48 Lumber Mill
04:11 Arcane Vault
04:27 Farm
04:33 Scout Tower
04:52 Scout Tower
05:02 Scout Tower
05:04 Guard Tower
05:15 Farm
05:24 Scout Tower
05:26 Guard Tower
05:37 Scout Tower
05:44 Guard Tower
05:57 Guard Tower
06:08 Guard Tower
06:43 Castle
07:15 Gryphon Aviary
07:52 Gryphon Aviary
08:00 Blacksmith
08:23 Gryphon Aviary
08:59 Farm
09:44 Farm
09:48 Barracks
10:31 Farm
10:58 Farm
11:28 Farm
11:41 Farm
12:19 Farm
Chat log
(00:16 / Allies) xyzs: units
(00:20 / Allies) Ororo: foots
(00:22 / Allies) Ororo: to siege
(00:33 / Allies) bzman2: head hunters - shamen - whatever we need
(00:47 / Allies) xyzs: ill plan foots nights casters
(01:03 / Allies) xyzs: cc
(01:06 / Allies) bzman2: kk
(02:14 / All) TheDragon: I'm on my A-Game bois
(03:07 / All) TheDragon: fuck nigga green
(06:31 / Allies) xyzs: what are tehy building?
(08:03 / Allies) xyzs: units everyone?
(08:55 / Allies) bzman2: head hutners - shamen - whatevrer we need
(09:21 / Allies) bzman2: teal tp
(09:41 / All) TheDragon: teh fuck
(10:07 / All) ducati: you should have killed my expo
(10:13 / All) TheDragon: yeah
(10:21 / All) TheDragon: he must be bipolar
(10:32 / All) TheDragon: not the best judgement makers
(10:49 / Allies) xyzs: wood please
(11:09 / Allies) xyzs: wood
(11:10 / Allies) xyzs: wood
(12:27 / Allies) xyzs: wait for me
(12:37 / Allies) xyzs: wood!!!
(13:05 / Allies) bzman2: too many towrs for us
(13:13 / Allies) xyzs: wood please!
(14:13 / Allies) bzman2: lumber plz
(14:26 / Allies) bzman2: ty
(17:08 / All) TheDragon: fuck
(17:10 / All) ducati: BIOOM
(17:12 / All) TheDragon: lucky fucking bash
(17:27 / Allies) TheDragon: the
(17:28 / Allies) TheDragon: the
(17:28 / Allies) TheDragon: the
(17:29 / Allies) TheDragon: the hall
(17:30 / Allies) TheDragon: the hall
(17:31 / Allies) TheDragon: the expo
(17:40 / All) TheDragon: BNOOM
(17:47 / All) TheDragon: got it sucker
(19:42 / All) TheDragon: BOOM
(21:10 / Allies) Ororo: main!
(21:46 / Allies) xyzs: gold please!
(23:22 / Allies) bzman2: i have no tp
(23:52 / Allies) xyzs: all together
(23:59 / Allies) xyzs: move some peasants to this side of map
(24:32 / Allies) bzman2: where we go?
(24:42 / Allies) bzman2: why tp?
(24:43 / Allies) xyzs: coming
(24:44 / Allies) Ororo: are you fucking kidding me!
(24:46 / Allies) bzman2: i siad i ahve no tp
(24:51 / Allies) Ororo: god
(25:35 / Allies) TheDragon: attack orange and I can tp to you
(26:14 / Allies) Ororo: they are out of gold
(26:16 / Allies) Ororo: we got this
(27:26 / All) TheDragon: (boom)
(29:44 / All) TOWERSareMyUNlT: green
(29:48 / All) TOWERSareMyUNlT: lost his level 8 archmage
(29:51 / All) TOWERSareMyUNlT: to 1 blood mage
(29:53 / All) TOWERSareMyUNlT: with a phoenid
(29:55 / All) TOWERSareMyUNlT: phoenix
(30:03 / All) xyzs: ur cool
(30:09 / All) TOWERSareMyUNlT: i know
(30:30 / Allies) xyzs: making tanks
(30:33 / All) TheDragon: he's 1-0 solo he must have won against a loss bot
(30:41 / All) TheDragon: and kept his perfect record
(31:15 / Allies) xyzs: yellow unit
(32:09 / Allies) bzman2: teal turna round...
(32:18 / Allies) xyzs: what are we doing
(32:33 / Allies) xyzs: purp make units
(33:28 / Allies) xyzs: purp give me gold please
(33:34 / Allies) TheDragon: I don't have a lot
(33:42 / Allies) xyzs: ,,,,,,
(33:45 / Allies) xyzs: come on
(33:50 / Allies) xyzs: u have 12k and 3 mines
(33:59 / Allies) TheDragon: well to be fair
(34:07 / Allies) TheDragon: the one gold mine is running low
(34:16 / Allies) xyzs: why
(34:30 / Allies) TheDragon: because they have a finite amount of gold
(34:50 / Allies) Ororo: they are out of gold
(35:25 / Allies) xyzs: careful
(35:27 / Allies) xyzs: hurt me too
(36:16 / Allies) xyzs: purp what are you trying to do
(37:01 / Allies) Ororo: fuck this shit
(37:02 / All) TOWERSareMyUNlT: nice am harass teal
(37:04 / All) ducati: so good with that fucking BM
(37:05 / All) TOWERSareMyUNlT: did that work out for you
(38:44 / All) TheDragon: beat it
(38:50 / All) TheDragon: kick rocks and get lost ya fag bags
(39:18 / All) ducati: Pink might get this fucking game LOL
(39:23 / All) ducati: it's funny as shit too
(39:51 / All) TheDragon: I should get tri hero more
(40:04 / All) TheDragon: mk and pally are pesky
(40:26 / All) TOWERSareMyUNlT: fuck so close to getting that hero
(40:36 / All) TOWERSareMyUNlT: green how much gold do you have
(40:40 / All) TOWERSareMyUNlT: I have 10k
(40:51 / Allies) xyzs: 22
(41:07 / Allies) xyzs: purp give me gold
(41:10 / Allies) xyzs: why the fuck
(41:13 / All) xyzs: purp has 22
(41:21 / All) TheDragon: don't make me get 100 food griffs fuccbois
(43:14 / All) xyzs: purp ur going to lose this for us
(44:39 / All) TOWERSareMyUNlT: green
(44:43 / All) TOWERSareMyUNlT: do you think that was an even trade
(45:08 / All) TOWERSareMyUNlT: green are you there?
(45:09 / All) TheDragon: Blue lasted good little while as a running man
(45:13 / All) TOWERSareMyUNlT: do you think that was an even trade?
(45:17 / All) TheDragon: this season's MVP
(45:19 / All) TOWERSareMyUNlT: 5 gryphons for your whole army?
(47:36 / All) TOWERSareMyUNlT: Blood mage worked way better this game than archmage would have
(47:43 / All) TOWERSareMyUNlT: Flame strike owns tanks
(47:47 / All) ducati: perhaps
(49:40 / All) ducati: The only 2 level 1's in this game are keeping it going
(49:57 / All) TOWERSareMyUNlT: I'm a level 1 pro
(50:02 / All) TOWERSareMyUNlT: I make new accounts so I'm not recognised
(52:23 / All) TheDragon: it should show the range for mass teleport
(52:41 / All) TheDragon: the range of units going with
(53:09 / All) TheDragon: RUN RUNNER
(53:37 / All) TOWERSareMyUNlT: God avatar lasts forever
(53:38 / All) TOWERSareMyUNlT: Alright
(53:41 / All) TOWERSareMyUNlT: Everyone, listen up
(53:46 / All) TOWERSareMyUNlT: You will all have an equal chance at winning
(53:49 / All) TOWERSareMyUNlT: Purple and I were in this together
(54:01 / All) TOWERSareMyUNlT: We will kill every unit and food building, including our own
(54:07 / All) TOWERSareMyUNlT: No one will be able to make units to kill the other team
(54:17 / All) TOWERSareMyUNlT: The last one to leave, leaves victorious, for it will be a Mexican standoff
(54:25 / All) TOWERSareMyUNlT: Sound fair? Will you all leave your PCs on all night for this win?
(55:10 / All) TheDragon: RUN RUNNER
(55:14 / All) ducati: this is awesome
(55:28 / All) TOWERSareMyUNlT: I like you red
(55:30 / All) TOWERSareMyUNlT: I hope you win the standoff
(55:33 / All) TheDragon: am I the only one that has seen logan's run?
(57:59 / All) TOWERSareMyUNlT: Red, I will explain again for you
(58:03 / All) TOWERSareMyUNlT: Purple and I are in this together
(58:06 / All) TOWERSareMyUNlT: look at our mid lumber mills
(58:13 / All) TOWERSareMyUNlT: we are going to kill everything, including our own units
(58:21 / All) TOWERSareMyUNlT: there will be no way to make units
(58:32 / All) TOWERSareMyUNlT: and best internet will win
(59:33 / All) TheDragon: Good luck gentlemen
(59:39 / All) TOWERSareMyUNlT: Looks like blue doesn't have best internet
(59:42 / All) TheDragon: May the biggest nerd win
(59:44 / All) TOWERSareMyUNlT: But I wish you all luck regardless
(59:47 / All) TOWERSareMyUNlT: LET IT BEGIN, LET IT BEGIN!